| TOP OF THE 1ST |
|
Los Angeles (NYP) Dodgers batting - Pitching for Batavia Muckdogs : RHP Jesus Gomez
|
|
Pitching: RHP Jesus Gomez
|
|
|
Batting: RHB Chad Rojas
|
0-0: Ball 1-0: Foul Ball, location: 2F 1-1: Called Strike 1-2: DOUBLE (Line Drive, 7LS, EV 94.4 MPH)
|
|
Batting: RHB Adam Maczko
|
0-0: Called Strike 0-1: Swinging Strike 0-2: DOUBLE (Flyball, 89XD, EV 95.0 MPH) Chad Rojas scores
|
|
Batting: LHB Fernão Manta
|
0-0: Ball 1-0: Foul Ball, location: 2F 1-1: Called Strike 1-2: Strikes out swinging
|
|
Batting: RHB Juan Gallegos
|
0-0: Foul Ball, location: 2F 0-1: Ball 1-1: Ball 2-1: Swinging Strike 2-2: Foul Ball, location: 2F 2-2: Ball 3-2: Foul Ball, location: 2F 3-2: DOUBLE (Line Drive, 7LM, EV 94.4 MPH) Adam Maczko scores
|
|
Batting: RHB Manny Mendoza
|
0-0: Ball 1-0: Ball 2-0: Ball 3-0: Base on Balls
|
|
Batting: RHB Brad Brady
|
0-0: Called Strike 0-1: Ball 1-1: Called Strike 1-2: Strikes out looking
|
|
Batting: RHB Bob Magana
|
0-0: Ball 1-0: Called Strike 1-1: Called Strike 1-2: Strikes out swinging
|
| Top of the 1st over - 2 runs, 3 hits, 0 errors, 2 left on base; Los Angeles (NYP) 2 - Batavia 0 |
| BOTTOM OF THE 1ST |
|
Batavia Muckdogs batting - Pitching for Los Angeles (NYP) Dodgers : RHP Jose Sandoval
|
|
Pitching: RHP Jose Sandoval
|
|
|
Batting: SHB Justin Corbett
|
0-0: Ball 1-0: Ball 2-0: Called Strike 2-1: Called Strike 2-2: Ball 3-2: Fly out, F7 (Flyball, 7D, EV 85.6 MPH)
|
|
Batting: RHB Andy Kelly
|
0-0: Called Strike 0-1: Ball 1-1: Ball 2-1: Called Strike 2-2: Ball 3-2: Foul Ball, location: 2F 3-2: Strikes out swinging
|
|
Batting: RHB Reomel Somera
|
0-0: Swinging Strike 0-1: Ball 1-1: Called Strike 1-2: Foul Ball, location: 2F 1-2: Strikes out swinging
|
| Bottom of the 1st over - 0 runs, 0 hits, 0 errors, 0 left on base; Los Angeles (NYP) 2 - Batavia 0 |
| TOP OF THE 2ND |
|
Los Angeles (NYP) Dodgers batting - Pitching for Batavia Muckdogs : RHP Jesus Gomez
|
|
Batting: SHB Josh Vaill
|
0-0: Foul Ball, location: 2F 0-1: Foul Ball, location: 2F 0-2: Ball 1-2: Ball 2-2: Strikes out looking
|
|
Batting: LHB Bobby Gambrell
|
0-0: Foul Ball, location: 2F 0-1: Swinging Strike 0-2: Strikes out swinging
|
|
Batting: RHB Chad Rojas
|
0-0: Called Strike 0-1: Called Strike 0-2: Ball 1-2: Foul Ball, location: 2F 1-2: Ball 2-2: Ball 3-2: Fly out, F7 (Flyball, 7, EV 78.8 MPH)
|
| Top of the 2nd over - 0 runs, 0 hits, 0 errors, 0 left on base; Los Angeles (NYP) 2 - Batavia 0 |
| BOTTOM OF THE 2ND |
|
Batavia Muckdogs batting - Pitching for Los Angeles (NYP) Dodgers : RHP Jose Sandoval
|
|
Batting: RHB Justin Dunham
|
0-0: Called Strike 0-1: Ball 1-1: Ball 2-1: Ball 3-1: DOUBLE (Flyball, 8RXD, EV 103.1 MPH)
|
|
Batting: SHB Greg Rivera
|
0-0: Foul Ball, location: 2F 0-1: Ball 1-1: Swinging Strike 1-2: Fly out, F9 (Line Drive, 89M, EV 92.5 MPH)
|
|
Batting: RHB George Boivin
|
0-0: SINGLE (Groundball, 56, EV 98.8 MPH) Justin Dunham to third Runner from 3rd tries for Home, throw by LF and OUT! 7-2 George Boivin to second
|
|
Batting: LHB Danny Treto
|
0-0: Called Strike 0-1: Called Strike 0-2: Foul Ball, location: 2F 0-2: Strikes out swinging
|
| Bottom of the 2nd over - 0 runs, 2 hits, 0 errors, 1 left on base; Los Angeles (NYP) 2 - Batavia 0 |
| TOP OF THE 3RD |
|
Los Angeles (NYP) Dodgers batting - Pitching for Batavia Muckdogs : RHP Jesus Gomez
|
|
Batting: RHB Adam Maczko
|
0-0: Swinging Strike 0-1: Called Strike 0-2: Ground out 6-3 (Groundball, 6, EV 88.8 MPH)
|
|
Batting: LHB Fernão Manta
|
0-0: Ball 1-0: Ball 2-0: Swinging Strike 2-1: Swinging Strike 2-2: Ball 3-2: Strikes out looking
|
|
Batting: RHB Juan Gallegos
|
0-0: Ball 1-0: Foul Ball, location: 2F 1-1: Ball 2-1: Called Strike 2-2: SOLO HOME RUN (Line Drive, 9LD, EV 93.1 MPH), Distance : 337 ft
|
|
Batting: RHB Manny Mendoza
|
0-0: Swinging Strike 0-1: Swinging Strike 0-2: Fly out, F7 (Flyball, 7D, EV 86.2 MPH)
|
| Top of the 3rd over - 1 run, 1 hit, 0 errors, 0 left on base; Los Angeles (NYP) 3 - Batavia 0 |
| BOTTOM OF THE 3RD |
|
Batavia Muckdogs batting - Pitching for Los Angeles (NYP) Dodgers : RHP Jose Sandoval
|
|
Batting: RHB Jason Thrash
|
0-0: Ball 1-0: Ball 2-0: Ball 3-0: Base on Balls
|
|
Batting: RHB Calvin Morin
|
0-0: Ball 1-0: Called Strike 1-1: Fly out, F6 (Line Drive, 6, EV 74.4 MPH)
|
|
Batting: SHB Justin Corbett
|
0-0: Foul Ball, location: 2F 0-1: Foul Ball, location: 2F 0-2: Strikes out looking
|
|
Batting: RHB Andy Kelly
|
0-0: Ball 1-0: Ball 2-0: Called Strike 2-1: Foul Ball, location: 2F 2-2: Strikes out swinging
|
| Bottom of the 3rd over - 0 runs, 0 hits, 0 errors, 1 left on base; Los Angeles (NYP) 3 - Batavia 0 |
| TOP OF THE 4TH |
|
Los Angeles (NYP) Dodgers batting - Pitching for Batavia Muckdogs : RHP Jesus Gomez
|
|
Batting: RHB Brad Brady
|
0-0: Swinging Strike 0-1: Foul Ball, location: 2F 0-2: Ball 1-2: Ball 2-2: Foul Ball, location: 2F 2-2: Foul Ball, location: 2F 2-2: Strikes out swinging
|
|
Batting: RHB Bob Magana
|
0-0: Called Strike 0-1: Foul Ball, location: 2F 0-2: Ball 1-2: Strikes out swinging
|
|
Batting: SHB Josh Vaill
|
0-0: Ball 1-0: Ball 2-0: Called Strike 2-1: Ball 3-1: Swinging Strike 3-2: Strikes out swinging
|
| Top of the 4th over - 0 runs, 0 hits, 0 errors, 0 left on base; Los Angeles (NYP) 3 - Batavia 0 |
| BOTTOM OF THE 4TH |
|
Batavia Muckdogs batting - Pitching for Los Angeles (NYP) Dodgers : RHP Jose Sandoval
|
|
Batting: RHB Reomel Somera
|
0-0: Swinging Strike 0-1: Ball 1-1: Swinging Strike 1-2: Strikes out swinging
|
|
Batting: RHB Justin Dunham
|
0-0: Ground out 6-3 (Groundball, 6, EV 101.9 MPH)
|
|
Batting: SHB Greg Rivera
|
0-0: Ball 1-0: Ball 2-0: Ball 3-0: Base on Balls
|
|
Batting: RHB George Boivin
|
0-0: Called Strike 0-1: Fly out, F9 (Flyball, 9LS, EV 81.2 MPH)
|
| Bottom of the 4th over - 0 runs, 0 hits, 0 errors, 1 left on base; Los Angeles (NYP) 3 - Batavia 0 |
| TOP OF THE 5TH |
|
Los Angeles (NYP) Dodgers batting - Pitching for Batavia Muckdogs : RHP Jesus Gomez
|
|
Batting: LHB Bobby Gambrell
|
0-0: Ball 1-0: Ball 2-0: Ground out 5-3 (Groundball, 56, EV 90.0 MPH)
|
|
Batting: RHB Chad Rojas
|
0-0: Foul Ball, location: 2F 0-1: Ball 1-1: SINGLE (Line Drive, 8RS, EV 98.1 MPH)
|
|
Batting: RHB Adam Maczko
|
0-0: Foul Ball, location: 2F 0-1: Ball Chad Rojas steals 2nd base 1-1: Fly out, F6 (Popup, 15, EV 77.5 MPH)
|
|
Batting: LHB Fernão Manta
|
0-0: Swinging Strike 0-1: Foul Ball, location: 2F 0-2: Strikes out swinging
|
| Top of the 5th over - 0 runs, 1 hit, 0 errors, 1 left on base; Los Angeles (NYP) 3 - Batavia 0 |
| BOTTOM OF THE 5TH |
|
Batavia Muckdogs batting - Pitching for Los Angeles (NYP) Dodgers : RHP Jose Sandoval
|
|
Batting: LHB Danny Treto
|
0-0: Called Strike 0-1: Ground out 6-3 (Groundball, 6, EV 81.2 MPH)
|
|
Batting: RHB Jason Thrash
|
0-0: Called Strike 0-1: Ball 1-1: Swinging Strike 1-2: SINGLE (Groundball, 56S, EV 68.1 MPH) (infield hit)
|
|
Batting: RHB Calvin Morin
|
0-0: Swinging Strike 0-1: Grounds into double play, 6-4-3 (Groundball, 6, EV 80.0 MPH)
|
| Bottom of the 5th over - 0 runs, 1 hit, 0 errors, 0 left on base; Los Angeles (NYP) 3 - Batavia 0 |
| TOP OF THE 6TH |
|
Los Angeles (NYP) Dodgers batting - Pitching for Batavia Muckdogs : RHP Jesus Gomez
|
|
Batting: RHB Juan Gallegos
|
0-0: Ball 1-0: Swinging Strike 1-1: Called Strike 1-2: Ball 2-2: Strikes out swinging
|
|
Pitching: RHP Tim Sherrill
|
|
|
Batting: RHB Manny Mendoza
|
0-0: Ball 1-0: Ball 2-0: Called Strike 2-1: Ball 3-1: Base on Balls
|
|
Batting: RHB Brad Brady
|
0-0: Called Strike 0-1: Foul Ball, location: 2F 0-2: Ball 1-2: Strikes out swinging
|
|
Batting: RHB Bob Magana
|
0-0: Swinging Strike 0-1: Swinging Strike 0-2: Ball 1-2: Ball 2-2: Strikes out swinging
|
| Top of the 6th over - 0 runs, 0 hits, 0 errors, 1 left on base; Los Angeles (NYP) 3 - Batavia 0 |
| BOTTOM OF THE 6TH |
|
Batavia Muckdogs batting - Pitching for Los Angeles (NYP) Dodgers : RHP Jose Sandoval
|
|
Batting: SHB Justin Corbett
|
0-0: Called Strike 0-1: Ball 1-1: Foul Ball, location: 2F 1-2: Ball 2-2: Strikes out looking
|
|
Batting: RHB Andy Kelly
|
0-0: Foul Ball, location: 2F 0-1: Ball 1-1: Called Strike 1-2: DOUBLE (Line Drive, 9LM, EV 110.0 MPH)
|
|
Batting: RHB Reomel Somera
|
0-0: Called Strike 0-1: Ball 1-1: Ball 2-1: Fly out, F8 (Line Drive, 8RD, EV 95.6 MPH)
|
|
Batting: RHB Justin Dunham
|
0-0: Called Strike 0-1: Swinging Strike 0-2: Ball 1-2: Ball 2-2: Foul Ball, location: 2F 2-2: Foul Ball, location: 2F 2-2: Strikes out swinging
|
| Bottom of the 6th over - 0 runs, 1 hit, 0 errors, 1 left on base; Los Angeles (NYP) 3 - Batavia 0 |
| TOP OF THE 7TH |
|
Los Angeles (NYP) Dodgers batting - Pitching for Batavia Muckdogs : RHP Tim Sherrill
|
|
Batting: SHB Josh Vaill
|
0-0: Hit by Pitch
|
|
Batting: LHB Bobby Gambrell
|
0-0: Sac Bunt to 13 - play at first, batter OUT! 1-3 Josh Vaill to second
|
|
Batting: RHB Chad Rojas
|
0-0: Swinging Strike 0-1: Ball 1-1: Foul Ball, location: 2F 1-2: Strikes out looking
|
|
Batting: RHB Adam Maczko
|
0-0: Ball 1-0: Swinging Strike 1-1: Swinging Strike 1-2: Ball 2-2: Strikes out swinging
|
| Top of the 7th over - 0 runs, 0 hits, 0 errors, 1 left on base; Los Angeles (NYP) 3 - Batavia 0 |
| BOTTOM OF THE 7TH |
|
Batavia Muckdogs batting - Pitching for Los Angeles (NYP) Dodgers : RHP Jose Sandoval
|
|
Batting: SHB Greg Rivera
|
0-0: Ball 1-0: Ball 2-0: Ball 3-0: Foul Ball, location: 2F 3-1: Called Strike 3-2: Foul Ball, location: 2F 3-2: Base on Balls
|
|
Pitching: RHP Ramon Luna
|
|
|
Batting: RHB George Boivin
|
0-0: Called Strike 0-1: Ball 1-1: Swinging Strike 1-2: Ball 2-2: SINGLE (Groundball, 15S, EV 62.5 MPH) (infield hit) Greg Rivera to second
|
|
Batting: LHB Danny Treto
|
0-0: Called Strike 0-1: Foul Ball, location: 2F 0-2: Ball 1-2: Hit by Pitch Greg Rivera to third George Boivin to second
|
|
Batting: RHB Jason Thrash
|
0-0: Called Strike 0-1: Ball 1-1: Foul Ball, location: 2F 1-2: Grounds into double play, 4-2-3 (Groundball, 4M, EV 91.2 MPH) George Boivin to third Danny Treto to second
|
|
Pinch Hitting: RHB Jim Fisher
|
0-0: Ball 1-0: Ball 2-0: SINGLE (Groundball, 6, EV 96.9 MPH) George Boivin scores Danny Treto to third Runner from 3rd tries for Home, SAFE, throw by CF to home Jim Fisher to second
|
|
Batting: SHB Justin Corbett
|
0-0: Ball 1-0: Ball 2-0: Ball 3-0: Called Strike 3-1: Base on Balls
|
|
Batting: RHB Andy Kelly
|
0-0: Ball 1-0: SINGLE (Flyball, 89S, EV 87.5 MPH) Jim Fisher to third Justin Corbett to second
|
|
Batting: RHB Reomel Somera
|
0-0: Called Strike 0-1: Ball 1-1: Fly out, F7 (Flyball, 7D, EV 85.6 MPH)
|
| Bottom of the 7th over - 2 runs, 3 hits, 0 errors, 3 left on base; Los Angeles (NYP) 3 - Batavia 2 |
| TOP OF THE 8TH |
|
Los Angeles (NYP) Dodgers batting - Pitching for Batavia Muckdogs : RHP Tim Sherrill
|
|
Now in LF: Justin Layton
|
|
|
Now in RF: George Boivin
|
|
|
Batting: LHB Fernão Manta
|
0-0: Ball 1-0: Ground out 5-3 (Groundball, 56, EV 82.5 MPH)
|
|
Batting: RHB Juan Gallegos
|
0-0: Ball 1-0: Called Strike 1-1: Fly out, F8 (Flyball, 8LS, EV 87.5 MPH)
|
|
Batting: RHB Manny Mendoza
|
0-0: Swinging Strike 0-1: Called Strike 0-2: Hit by Pitch
|
|
Batting: RHB Brad Brady
|
0-0: Ball 1-0: Called Strike 1-1: Swinging Strike 1-2: Strikes out swinging
|
| Top of the 8th over - 0 runs, 0 hits, 0 errors, 1 left on base; Los Angeles (NYP) 3 - Batavia 2 |
| BOTTOM OF THE 8TH |
|
Batavia Muckdogs batting - Pitching for Los Angeles (NYP) Dodgers : RHP Ramon Luna
|
|
Batting: RHB Justin Dunham
|
0-0: Ball 1-0: Fly out, F7 (Line Drive, 78M, EV 98.1 MPH)
|
|
Batting: SHB Greg Rivera
|
0-0: Ball 1-0: Ball 2-0: Ball 3-0: Called Strike 3-1: Fly out, F7 (Line Drive, 78D, EV 89.4 MPH)
|
|
Batting: RHB George Boivin
|
0-0: Ground out U3 (Groundball, 3, EV 95.6 MPH)
|
| Bottom of the 8th over - 0 runs, 0 hits, 0 errors, 0 left on base; Los Angeles (NYP) 3 - Batavia 2 |
| TOP OF THE 9TH |
|
Los Angeles (NYP) Dodgers batting - Pitching for Batavia Muckdogs : RHP Tim Sherrill
|
|
Batting: RHB Bob Magana
|
0-0: Ball 1-0: Ball 2-0: Ball 3-0: Swinging Strike 3-1: Called Strike 3-2: Base on Balls
|
|
Batting: SHB Josh Vaill
|
0-0: Ball 1-0: Swinging Strike 1-1: Foul Ball, location: 2F 1-2: Strikes out looking
|
|
Batting: LHB Bobby Gambrell
|
0-0: Called Strike 0-1: Fly out, F5 (Popup, 15, EV 86.9 MPH)
|
|
Pitching: LHP Will Sledge
|
|
|
Batting: RHB Chad Rojas
|
0-0: TRIPLE (Flyball, 9D, EV 87.5 MPH) Bob Magana scores
|
|
Batting: RHB Adam Maczko
|
0-0: Called Strike 0-1: Foul Ball, location: 2F 0-2: Strikes out swinging
|
| Top of the 9th over - 1 run, 1 hit, 0 errors, 1 left on base; Los Angeles (NYP) 4 - Batavia 2 |
| BOTTOM OF THE 9TH |
|
Batavia Muckdogs batting - Pitching for Los Angeles (NYP) Dodgers : RHP Ramon Luna
|
|
Pitching: RHP Jared Wisham
|
|
|
Batting: LHB Danny Treto
|
0-0: Called Strike 0-1: Foul Ball, location: 2F 0-2: Ball 1-2: Foul Ball, location: 2F 1-2: SINGLE (Groundball, 34D, EV 86.2 MPH) (infield hit)
|
|
Batting: RHB Jason Thrash
|
0-0: Ball 1-0: Called Strike 1-1: DOUBLE (Line Drive, 89XD, EV 97.5 MPH) Danny Treto to third
|
|
Batting: RHB Justin Layton
|
0-0: Foul Ball, location: 2F 0-1: DOUBLE (Line Drive, 9LM, EV 99.4 MPH) Danny Treto scores Jason Thrash scores
|
|
Batting: SHB Justin Corbett
|
0-0: Intentional Walk
|
|
Batting: RHB Andy Kelly
|
0-0: Called Strike 0-1: Foul Ball, location: 2F 0-2: Fly out, F8 (Line Drive, 8RD, EV 103.1 MPH)
|
|
Batting: RHB Reomel Somera
|
0-0: Foul Ball, location: 2F 0-1: Ball 1-1: SINGLE (Groundball, 13S, EV 67.5 MPH) (infield hit) Justin Layton to third Justin Corbett to second
|
|
Batting: RHB Justin Dunham
|
0-0: Foul Ball, location: 2F 0-1: Called Strike 0-2: Foul Ball, location: 2F 0-2: Ball 1-2: Foul Ball, location: 2F 1-2: Ball 2-2: Ball 3-2: Foul Ball, location: 2F 3-2: Base on Balls Justin Layton scores Justin Corbett to third Reomel Somera to second
|
| Bottom of the 9th over - 3 runs, 4 hits, 0 errors, 3 left on base; Los Angeles (NYP) 4 - Batavia 5 |
|